AoeStats
← [ KOF ] M. Kowalski

Nomad

504036630Analyzed
2v2 RM · 27d ago on Sep 3, 2026· 24m 15s· 4 players
Game mode
Random Map
Map size
176×176
Population
200
Speed
Normal
Resources
Standard
Victory
Conquest
Starting age
Dark Age
Ending age
Imperial Age
RankedLock teamsTeams togetherTeam positionsShared explorationLock speedFull tech treeHidden civsTurbo modeCheats
Victory
Defeat
🇩🇪 Tupi · Germany
1551
+7
🇩🇪 Spanish · Germany
1140
+24
🇦🇷 Cumans · Argentina
1342
-16
🇷🇺 Sicilians · Russia
1334
-15
lidyaqu
6:21 Loom
13:40 Feudal Age
20:17 Fletching
24:13 Castle Age
[ KOF ] M. Kowalski
5:08 Loom
Brudiiii
12:38 Feudal Age
14:20 Loom
19:13 Town Watch
19:28 Double-Bit Axe
22:31 Fishing Lines
25:55 Castle Age
Icke der Dicke
11:22 Loom
13:53 Feudal Age
16:44 Stone Mining
19:12 Castle Age
18:40 Fishing Lines
19:24 Gold Mining
21:26 Scale Barding Armor
Connection lost

Rejoining the realm…

Still unreachable

The connection could not be restored.

Session expired

The server has moved on; the page needs a fresh start.